[Event "Elite Hotels Open 2019"]
[Site "Vaxjo"]
[Date "2019.02.10"]
[Round "7.7"]
[White "Brynell, Stellan"]
[Black "Jogstad, Daniel"]
[Result "1/2-1/2"]
[ECO "E62"]
[WhiteElo "2400"]
[BlackElo "2127"]
[Annotator "NA"]
[PlyCount "101"]
[EventDate "2019.02.08"]
[EventType "swiss"]
[EventCountry "SWE"]
[SourceTitle "playchess.com"]
[Source "ChessBase"]
[SourceQuality "1"]
[TimeControl "5400+30"]

1. d4 Nf6 2. c4 g6 3. g3 Bg7 4. Bg2 O-O 5. Nc3 d6 6. Nf3 c6 7. O-O Qa5 8. e4 Bg4 9. h3 Bxf3 10. Bxf3 e5 11. d5 cxd5 12. cxd5 Rc8 13. Bd2 Nbd7 14. Qe2 Qd8 15. Rfc1 a6 16. Be3 b5 17. Qd2 Nb6 18. b3 Nfd7 19. Bg4 Rc7 20. h4 Qf8 21. a4 f5 22. Bd1 f4 23. Bxb6 Nxb6 24. g4 Qe7 25. axb5 Qxh4 26. Bf3 h5 27. gxh5 gxh5 28. Kf1 Qh3+ 29. Ke2 Qc8 30. Bxh5 axb5 31. Rxa8 Nxa8 32. Na2 Rxc1 33. Qxc1 Qxc1 34. Nxc1 Nc7 35. Kd2 Bf6 36. Kc3 Bh4 37. Nd3 Na6 38. b4 Kf8 39. Kd2 Bd8 40. Bg4 Ke7 41. Bc8 Nb8 42. Ke2 Bb6 43. Kf3 Kd8 44. Bh3 Bd4 45. Ne1 Kc7 46. Nc2 Bc3 47. Bf1 Kb6 48. Na3 Bxb4 49. Nxb5 Na6 50. Kg4 Nc7 51. Nxc7 1/2-1/2

[Event "Elite Hotels Open 2019"]
[Site "Vaxjo"]
[Date "2019.02.10"]
[Round "7.8"]
[White "Kucuksari, Kaan"]
[Black "Nilsson, Patrik 1978"]
[Result "0-1"]
[ECO "A80"]
[WhiteElo "2301"]
[BlackElo "2169"]
[Annotator "NA"]
[PlyCount "112"]
[EventDate "2019.02.08"]
[EventType "swiss"]
[EventCountry "SWE"]
[SourceTitle "playchess.com"]
[Source "ChessBase"]
[SourceQuality "1"]
[TimeControl "5400+30"]

1. d4 f5 2. Nf3 Nf6 3. g3 g6 4. Bg2 Bg7 5. O-O d6 6. c4 O-O 7. Nc3 Qe8 8. Nd5 Nxd5 9. cxd5 Nd7 10. Qc2 Nf6 11. Ng5 h6 12. Ne6 Bxe6 13. dxe6 c6 14. e4 fxe4 15. Bxe4 Nxe4 16. Qxe4 d5 17. Qg4 Kh7 18. Qh4 Rf6 19. Re1 Qg8 20. g4 g5 21. Bxg5 Rxe6 22. Bd2 Re8 23. Rxe6 Qxe6 24. Re1 Qg6 25. g5 Bf6 26. f4 Bxd4+ 27. Kh1 Bg7 28. Qh3 e6 29. Bc3 d4 30. gxh6 Bf6 31. f5 Qxh6 32. Qxh6+ Kxh6 33. Bd2+ Kh5 34. fxe6 Kg6 35. Kg2 Kf5 36. Kf3 Rxe6 37. Rxe6 Kxe6 38. Ke4 c5 39. b4 c4 40. b5 d3 41. Be3 a6 42. bxa6 bxa6 43. Bd2 c3 44. Bxc3 Bxc3 45. Kxd3 Be5 46. h3 Kd5 47. h4 Bf6 48. h5 Bg7 49. Ke2 Kc4 50. Kd2 Kb4 51. Kd3 a5 52. Kc2 Ka3 53. Kb1 a4 54. h6 Bxh6 55. Ka1 Bg7+ 56. Kb1 Bh8 0-1

[Event "Elite Hotels Open 2019"]
[Site "Vaxjo"]
[Date "2019.02.10"]
[Round "7.10"]
[White "Hector, Jonny"]
[Black "Dehlin, Gabriel"]
[Result "1-0"]
[ECO "B12"]
[WhiteElo "2488"]
[BlackElo "2090"]
[Annotator "ChessBase"]
[PlyCount "69"]
[EventDate "2019.02.08"]
[EventType "swiss"]
[EventCountry "SWE"]
[SourceTitle "playchess.com"]
[Source "ChessBase"]
[SourceQuality "1"]
[TimeControl "5400+30"]

1. e4 c6 2. d4 d5 3. e5 Bf5 4. h4 h6 5. g4 Be4 6. f3 Bh7 7. e6 Nf6 8. Nh3 Qd6 9. exf7+ Kxf7 10. Qe2 Qe6 11. Qxe6+ Kxe6 12. Nf4+ Kd6 13. g5 Ne8 14. Bh3 Nc7 15. g6 Bg8 16. Nd3 Ne6 17. c3 c5 18. Kf2 c4 19. Ne5 Nc6 20. f4 Ned8 21. b3 b5 22. Re1 a5 23. Na3 Na7 24. bxc4 dxc4 25. Rb1 Bd5 26. Rxb5 e6 27. Naxc4+ Kc7 28. Rxa5 Be7 29. Kg3 Nb7 30. Rxd5 exd5 31. Ne3 Bf6 32. Nxd5+ Kd6 33. Ba3+ Kxd5 34. Bg2+ Ke6 35. d5+ {[%emt 0:00:08] Kxd5} 1-0

[Event "Elite Hotels Open 2019"]
[Site "Vaxjo"]
[Date "2019.02.10"]
[Round "7.11"]
[White "Lindgren, Philip"]
[Black "Bohman Karlholm, Adrian"]
[Result "1-0"]
[ECO "A06"]
[WhiteElo "2379"]
[BlackElo "2075"]
[Annotator "NA"]
[PlyCount "71"]
[EventDate "2019.02.08"]
[EventType "swiss"]
[EventCountry "SWE"]
[SourceTitle "playchess.com"]
[Source "ChessBase"]
[SourceQuality "1"]
[TimeControl "5400+30"]

1. Nf3 d5 2. g3 Nf6 3. Bg2 Bf5 4. c4 c6 5. cxd5 cxd5 6. Qb3 Qd7 7. Ne5 Qc7 8. Nc3 Nc6 9. d4 e6 10. Qa4 Rc8 11. O-O a6 12. Bf4 Qb6 13. Rac1 Be7 14. Nxc6 Rxc6 15. Qb3 Qxb3 16. axb3 O-O 17. f3 Rfc8 18. e4 Bg6 19. Rfe1 Kf8 20. Bh3 Rd8 21. Be5 dxe4 22. fxe4 b5 23. d5 exd5 24. exd5 Rb6 25. Bc7 Bc5+ 26. Kh1 Rbd6 27. Nxb5 axb5 28. Rxc5 Ne4 29. Bxd6+ Nxd6 30. Rc7 b4 31. Rd7 Rxd7 32. Bxd7 Be4+ 33. Kg1 Bxd5 34. Rd1 Ke7 35. Rxd5 Kxd7 36. Rd4 1-0

[Event "Elite Hotels Open 2019"]
[Site "Vaxjo"]
[Date "2019.02.10"]
[Round "7.12"]
[White "Svensson, Mikael"]
[Black "Dragicevic, Drazen"]
[Result "0-1"]
[ECO "A40"]
[WhiteElo "2128"]
[BlackElo "2339"]
[Annotator "NA"]
[PlyCount "138"]
[EventDate "2019.02.08"]
[EventType "swiss"]
[EventCountry "SWE"]
[SourceTitle "playchess.com"]
[Source "ChessBase"]
[SourceQuality "1"]
[TimeControl "5400+30"]

1. d4 Nf6 2. Nf3 e6 3. Bg5 b6 4. e3 h6 5. Bh4 Bb7 6. Bd3 c5 7. c3 Be7 8. Nbd2 g5 9. Bg3 g4 10. Ne5 h5 11. Qc2 d6 12. Qa4+ Kf8 13. Nec4 h4 14. Bf4 h3 15. e4 cxd4 16. cxd4 d5 17. Nd6 Bxd6 18. Bxd6+ Qxd6 19. e5 Qd8 20. Qa3+ Qe7 21. Qxe7+ Kxe7 22. exf6+ Kxf6 23. gxh3 Rxh3 24. Be2 Rh4 25. Nf1 Ba6 26. Rc1 Bxe2 27. Kxe2 Na6 28. Rg1 Ke7 29. Rg3 Kd7 30. Rgc3 Rhh8 31. f3 gxf3+ 32. Rxf3 f5 33. Rg3 Rhg8 34. Nd2 Rxg3 35. hxg3 Rg8 36. Rc3 Nb4 37. Nf3 Nc6 38. b4 b5 39. a4 Rb8 40. a5 Rc8 41. Rb3 Kd6 42. Kf2 Ne7 43. Ne5 Rc2+ 44. Kf3 Nc6 45. Nxc6 Rxc6 46. Ke3 Rc4 47. Kd3 Ke7 48. Rb1 Kf6 49. Rh1 Kg7 50. Re1 Kf6 51. Rh1 Rxb4 52. Rh6+ Kg5 53. Rxe6 Rb3+ 54. Kc2 Rxg3 55. Ra6 Ra3 56. Rxa7 Kf4 57. a6 Ke4 58. Ra8 Kxd4 59. a7 b4 60. Kb2 f4 61. Rf8 Rxa7 62. Rxf4+ Kc5 63. Kb3 Ra3+ 64. Kb2 Rg3 65. Rh4 Re3 66. Rg4 Re4 67. Rg8 Kc4 68. Rc8+ Kd3 69. Kb3 Ke2 0-1

[Event "Elite Hotels Open 2019"]
[Site "Vaxjo"]
[Date "2019.02.10"]
[Round "7.13"]
[White "Stahlberg, David"]
[Black "Lindh, Fredrik"]
[Result "1/2-1/2"]
[ECO "A48"]
[WhiteElo "2079"]
[BlackElo "2244"]
[Annotator "NA"]
[PlyCount "79"]
[EventDate "2019.02.08"]
[EventType "swiss"]
[EventCountry "SWE"]
[SourceTitle "playchess.com"]
[Source "ChessBase"]
[SourceQuality "1"]
[TimeControl "5400+30"]

1. Nf3 Nf6 2. d4 g6 3. e3 Bg7 4. Be2 O-O 5. O-O c5 6. c3 d5 7. Nbd2 cxd4 8. exd4 Nc6 9. Re1 Bd7 10. Bd3 Rc8 11. h3 Nh5 12. Nb3 Qc7 13. Bd2 b6 14. Rc1 Nf4 15. Bf1 Nh5 16. c4 dxc4 17. Bxc4 Qd6 18. a3 a5 19. Be3 a4 20. Nbd2 Na5 21. Ne4 Qb8 22. Ba2 Qb7 23. Neg5 e6 24. Bd2 Rxc1 25. Bxc1 h6 26. Ne4 Bc6 27. Nd6 Bxf3 28. gxf3 Qd7 29. Nxf7 Rxf7 30. Bxe6 Qxd4 31. Qc2 Qf6 32. Bxf7+ Qxf7 33. Qxa4 Qxf3 34. Qe8+ Kh7 35. Qe6 Ng3 36. fxg3 Qxg3+ 37. Kh1 Qf3+ 38. Kh2 Qf2+ 39. Kh1 Qf3+ 40. Kh2 1/2-1/2

[Event "Elite Hotels Open 2019"]
[Site "Vaxjo"]
[Date "2019.02.10"]
[Round "7.14"]
[White "Lindborg, Patrik"]
[Black "Torngren, Gustav"]
[Result "1-0"]
[ECO "A61"]
[WhiteElo "2210"]
[BlackElo "2057"]
[Annotator "NA"]
[PlyCount "61"]
[EventDate "2019.02.08"]
[EventType "swiss"]
[EventCountry "SWE"]
[SourceTitle "playchess.com"]
[Source "ChessBase"]
[SourceQuality "1"]
[TimeControl "5400+30"]

1. d4 Nf6 2. c4 e6 3. Nf3 c5 4. d5 exd5 5. cxd5 d6 6. Nc3 g6 7. e4 Bg7 8. h3 O-O 9. Bd3 Re8 10. O-O a6 11. a4 Nbd7 12. Rb1 Qc7 13. b3 c4 14. bxc4 Nc5 15. Re1 Nfd7 16. Qc2 Nxd3 17. Qxd3 Nc5 18. Qc2 f5 19. Be3 b6 20. Nd4 Nxe4 21. Nxe4 Rxe4 22. Nc6 Bd7 23. Qb3 Rae8 24. Rec1 f4 25. Bxb6 Qc8 26. c5 dxc5 27. Bxc5 f3 28. Ne7+ R8xe7 29. Bxe7 Qe8 30. d6+ Be6 31. Qxf3 1-0

[Event "Elite Hotels Open 2019"]
[Site "Vaxjo"]
[Date "2019.02.10"]
[Round "7.15"]
[White "Goransson, Martin"]
[Black "Olofsson-Dolk, Mattis"]
[Result "1-0"]
[ECO "A37"]
[WhiteElo "2074"]
[BlackElo "2172"]
[Annotator "NA"]
[PlyCount "67"]
[EventDate "2019.02.08"]
[EventType "swiss"]
[EventCountry "SWE"]
[SourceTitle "playchess.com"]
[Source "ChessBase"]
[SourceQuality "1"]
[TimeControl "5400+30"]

1. c4 g6 2. g3 c5 3. Bg2 Bg7 4. Nc3 Nc6 5. Nf3 d6 6. O-O e6 7. e3 Nge7 8. d4 O-O 9. b3 cxd4 10. Nxd4 Nxd4 11. exd4 Nf5 12. Ne2 Rb8 13. Bb2 Bd7 14. Qd2 Qc7 15. Rfd1 Rfd8 16. a4 Be8 17. d5 e5 18. Bh3 Bd7 19. g4 Nh4 20. Qe3 f5 21. Qg3 fxg4 22. Bxg4 Bxg4 23. Qxg4 Nf5 24. Ng3 Nxg3 25. hxg3 Rf8 26. Qe6+ Kh8 27. Ba3 Rf6 28. Qg4 Rbf8 29. Rf1 Qf7 30. Ra2 Bh6 31. Re2 Be3 32. Bxd6 Rxd6 33. Rxe3 Rf6 34. Qe2 1-0

[Event "Elite Hotels Open 2019"]
[Site "Vaxjo"]
[Date "2019.02.10"]
[Round "7.16"]
[White "Lindahl, Emil"]
[Black "Mardell, Jonas"]
[Result "1-0"]
[ECO "A04"]
[WhiteElo "2160"]
[BlackElo "2029"]
[Annotator "NA"]
[PlyCount "61"]
[EventDate "2019.02.08"]
[EventType "swiss"]
[EventCountry "SWE"]
[SourceTitle "playchess.com"]
[Source "ChessBase"]
[SourceQuality "1"]
[TimeControl "5400+30"]

1. Nf3 c5 2. c4 Nc6 3. g3 Nf6 4. Bg2 d6 5. O-O g6 6. b3 Bg7 7. Bb2 O-O 8. Nc3 Bf5 9. d3 Qd7 10. Re1 e5 11. e3 Nb4 12. Bf1 e4 13. dxe4 Nxe4 14. Na4 Bxb2 15. Nxb2 Bg4 16. a3 Ng5 17. Nxg5 Bxd1 18. Rexd1 Qe7 19. Nh3 Nc2 20. Ra2 Qf6 21. Na4 Qf3 22. Nc3 Nxe3 23. Rd3 Rae8 24. Nd5 Re5 25. Nhf4 g5 26. Be2 Qxe2 27. Nxe2 Nf5 28. Nf6+ Kg7 29. Nd7 Rxe2 30. Rxe2 Rd8 31. Nxc5 1-0

[Event "Elite Hotels Open 2019"]
[Site "Vaxjo"]
[Date "2019.02.10"]
[Round "8.3"]
[White "Bellon Lopez, Juan Manuel"]
[Black "Golubka, Petro"]
[Result "1/2-1/2"]
[ECO "A45"]
[WhiteElo "2336"]
[BlackElo "2471"]
[Annotator "ChessBase"]
[PlyCount "52"]
[EventDate "2019.02.08"]
[EventType "swiss"]
[EventCountry "SWE"]
[SourceTitle "playchess.com"]
[Source "ChessBase"]
[SourceQuality "1"]
[TimeControl "5400+30"]

1. d4 Nf6 2. Bg5 Ne4 3. h4 c5 4. d5 Qb6 5. Nd2 Nxd2 6. Bxd2 e5 7. e4 Be7 8. Bc3 d6 9. f4 exf4 10. Bxg7 Qb4+ 11. Bc3 Qxe4+ 12. Qe2 Qxe2+ 13. Bxe2 Rg8 14. O-O-O Rxg2 15. Re1 Kd8 16. Bf3 Rg3 17. Be4 Bg4 18. Bd2 f3 19. Rf1 Nd7 20. Bf4 Rg2 21. Nxf3 Bxf3 22. Bxf3 Rg8 23. Bh5 Kc7 24. Bxf7 Rg2 25. Be6 Rf8 26. a4 Ne5 1/2-1/2

[Event "Elite Hotels Open 2019"]
[Site "Vaxjo"]
[Date "2019.02.10"]
[Round "8.5"]
[White "Jepson, Christian"]
[Black "Nilsson, Patrik 1978"]
[Result "1-0"]
[ECO "A80"]
[WhiteElo "2389"]
[BlackElo "2169"]
[Annotator "NA"]
[PlyCount "48"]
[EventDate "2019.02.08"]
[EventType "swiss"]
[EventCountry "SWE"]
[SourceTitle "playchess.com"]
[Source "ChessBase"]
[SourceQuality "1"]
[TimeControl "5400+30"]

1. d4 f5 2. Nc3 Nf6 3. Bg5 d5 4. e3 Be6 5. Nf3 Nbd7 6. h4 Bf7 7. Bf4 a6 8. Ne5 e6 9. a3 c5 10. Be2 Qb6 11. O-O Nxe5 12. Bxe5 Nd7 13. Bf4 Be7 14. g3 Rc8 15. Rb1 h6 16. h5 Bf6 17. Na4 Qa5 18. Nxc5 Qb6 19. b4 Be7 20. c4 Nf6 21. cxd5 exd5 22. Qa4+ Kf8 23. Rfc1 Be8 24. Qc2 Qa7 1-0

[Event "Elite Hotels Open 2019"]
[Site "Vaxjo"]
[Date "2019.02.10"]
[Round "8.6"]
[White "Westerberg, Jonathan"]
[Black "Walinder, Lars"]
[Result "1/2-1/2"]
[ECO "A06"]
[WhiteElo "2544"]
[BlackElo "2245"]
[Annotator "ChessBase"]
[PlyCount "63"]
[EventDate "2019.02.08"]
[EventType "swiss"]
[EventCountry "SWE"]
[SourceTitle "playchess.com"]
[Source "ChessBase"]
[SourceQuality "1"]
[TimeControl "5400+30"]

1. Nf3 d5 2. e3 Nf6 3. c4 e6 4. b3 Bd6 5. Bb2 Nbd7 6. Nc3 c6 7. Qc2 O-O 8. Be2 b6 9. Rg1 Qe7 10. g4 Ba3 11. g5 Ne8 12. h4 Bxb2 13. Qxb2 Nd6 14. h5 Bb7 15. h6 e5 16. hxg7 Kxg7 17. d4 Kg8 18. O-O-O e4 19. Nh4 a5 20. c5 bxc5 21. dxc5 Nxc5 22. Kb1 Qe5 23. Rc1 Nd3 24. Bxd3 exd3 25. Na4 Qe4 26. Nc5 Qe7 27. Nxb7 Qxb7 28. g6 f6 29. gxh7+ Kxh7 30. f3 d2 31. Qxd2 Qb5 32. Qh2 1/2-1/2

[Event "Elite Hotels Open 2019"]
[Site "Vaxjo"]
[Date "2019.02.10"]
[Round "8.7"]
[White "Hector, Jonny"]
[Black "Lindahl, Emil"]
[Result "1/2-1/2"]
[ECO "B41"]
[WhiteElo "2488"]
[BlackElo "2160"]
[Annotator "ChessBase"]
[PlyCount "117"]
[EventDate "2019.02.08"]
[EventType "swiss"]
[EventCountry "SWE"]
[SourceTitle "playchess.com"]
[Source "ChessBase"]
[SourceQuality "1"]
[TimeControl "5400+30"]

1. e4 c5 2. Nf3 e6 3. d4 cxd4 4. Nxd4 a6 5. c4 Nf6 6. Nc3 d6 7. Be2 Be7 8. Be3 Qc7 9. Rc1 Nbd7 10. O-O b6 11. f4 Bb7 12. Bf3 O-O 13. Qe2 Rac8 14. b3 Rfe8 15. g4 Nc5 16. Bf2 e5 17. fxe5 dxe5 18. Bg3 Ncxe4 19. Nxe4 Nxe4 20. Bxe4 Bxe4 21. Qxe4 Bc5 22. Rcd1 Qd6 23. Kg2 Bxd4 24. Bf2 Red8 25. Rd2 Qc6 26. Qxc6 Rxc6 27. Rfd1 Rcd6 28. Bxd4 exd4 29. Re1 Kf8 30. Re4 f6 31. Kf3 Kf7 32. Ke2 R8d7 33. Kd3 a5 34. a3 Rd8 35. b4 axb4 36. axb4 Kg6 37. h4 h5 38. Rg2 R8d7 39. c5 bxc5 40. bxc5 Rd5 41. Kc4 Re5 42. Rxd4 Rc7 43. gxh5+ Kxh5 44. Rd5 Rxd5 45. Kxd5 Kxh4 46. Kd6 Ra7 47. c6 g5 48. Rc2 g4 49. c7 Rxc7 50. Rxc7 g3 51. Rg7 Kh3 52. Kd5 Kg2 53. Ke4 Kf2 54. Ra7 g2 55. Ra2+ Kg3 56. Ra1 Kf2 57. Kf5 g1=Q 58. Rxg1 Kxg1 59. Kxf6 1/2-1/2

[Event "Elite Hotels Open 2019"]
[Site "Vaxjo"]
[Date "2019.02.10"]
[Round "8.8"]
[White "Goransson, Martin"]
[Black "Brynell, Stellan"]
[Result "0-1"]
[ECO "A15"]
[WhiteElo "2074"]
[BlackElo "2400"]
[Annotator "NA"]
[PlyCount "52"]
[EventDate "2019.02.08"]
[EventType "swiss"]
[EventCountry "SWE"]
[SourceTitle "playchess.com"]
[Source "ChessBase"]
[SourceQuality "1"]
[TimeControl "5400+30"]

1. c4 Nf6 2. g3 e5 3. Bg2 c6 4. Nf3 e4 5. Nd4 d5 6. d3 Bb4+ 7. Bd2 Bxd2+ 8. Qxd2 O-O 9. Nc3 exd3 10. Qxd3 dxc4 11. Qxc4 Qa5 12. O-O Qh5 13. h4 Nbd7 14. b4 Ne5 15. Qc5 Re8 16. Rfe1 Bg4 17. Nb3 b6 18. Qd4 Rad8 19. Qf4 h6 20. f3 Be6 21. Red1 Ng6 22. Qc7 Rc8 23. Qxa7 Qe5 24. Rac1 Qxg3 25. Qxb6 Nf4 26. Qf2 Nh3+ 0-1

[Event "Elite Hotels Open 2019"]
[Site "Vaxjo"]
[Date "2019.02.10"]
[Round "8.9"]
[White "Jogstad, Daniel"]
[Black "Lindgren, Philip"]
[Result "0-1"]
[ECO "B51"]
[WhiteElo "2127"]
[BlackElo "2379"]
[Annotator "NA"]
[PlyCount "54"]
[EventDate "2019.02.08"]
[EventType "swiss"]
[EventCountry "SWE"]
[SourceTitle "playchess.com"]
[Source "ChessBase"]
[SourceQuality "1"]
[TimeControl "5400+30"]

1. e4 c5 2. Nf3 d6 3. Bb5+ Nd7 4. O-O a6 5. Bxd7+ Bxd7 6. d4 cxd4 7. Qxd4 e5 8. Qd3 h6 9. a4 Nf6 10. Nc3 Rc8 11. Be3 Be7 12. a5 Be6 13. Bb6 Qd7 14. Nd2 O-O 15. f4 exf4 16. Rxf4 Ng4 17. Bd4 Bg5 18. Rff1 Ne5 19. Qe2 Rfe8 20. Be3 Bd8 21. Qe1 d5 22. exd5 Bxd5 23. Qg3 Ng6 24. Nxd5 Qxd5 25. c4 Qd7 26. b3 Bf6 27. Ra2 Rxe3 0-1

[Event "Elite Hotels Open 2019"]
[Site "Vaxjo"]
[Date "2019.02.10"]
[Round "8.10"]
[White "Dragicevic, Drazen"]
[Black "Olsson, William"]
[Result "1-0"]
[ECO "A30"]
[WhiteElo "2339"]
[BlackElo "2011"]
[Annotator "NA"]
[PlyCount "91"]
[EventDate "2019.02.08"]
[EventType "swiss"]
[EventCountry "SWE"]
[SourceTitle "playchess.com"]
[Source "ChessBase"]
[SourceQuality "1"]
[TimeControl "5400+30"]

1. c4 c5 2. Nf3 Nc6 3. g3 g6 4. Bg2 Bg7 5. O-O e6 6. Nc3 Nge7 7. a3 O-O 8. Rb1 a5 9. Nb5 Nf5 10. d3 d5 11. cxd5 exd5 12. Bf4 Be6 13. Ng5 Rc8 14. e4 Nfe7 15. Nxe6 fxe6 16. Bh3 Qd7 17. Bd6 dxe4 18. Qb3 Nd8 19. dxe4 c4 20. Qa4 Rf3 21. Rbd1 Qe8 22. Bxe7 Qxe7 23. Nd6 Rc5 24. Nxb7 Nxb7 25. Rd7 Qf8 26. Rxb7 Bd4 27. Qd7 Bg7 28. Qxe6+ Kh8 29. Re7 Re5 30. Qxe5 Bxe5 31. Rxe5 Qb8 32. Rc5 Qxb2 33. Rxc4 Rxa3 34. Bg4 Rc3 35. Ra4 Rc5 36. Raa1 Qf6 37. Kg2 Qd4 38. Bf3 a4 39. Rfd1 Qb4 40. Rab1 Qc3 41. Rd7 a3 42. Rbb7 Rc8 43. Bg4 Re8 44. Be6 Rxe6 45. Rd8+ Re8 46. Rxe8# 1-0

[Event "Elite Hotels Open 2019"]
[Site "Vaxjo"]
[Date "2019.02.10"]
[Round "8.11"]
[White "Rasti, Arvin"]
[Black "Lindborg, Patrik"]
[Result "1/2-1/2"]
[ECO "D92"]
[WhiteElo "1952"]
[BlackElo "2210"]
[Annotator "NA"]
[PlyCount "51"]
[EventDate "2019.02.08"]
[EventType "swiss"]
[EventCountry "SWE"]
[SourceTitle "playchess.com"]
[Source "ChessBase"]
[SourceQuality "1"]
[TimeControl "5400+30"]

1. d4 Nf6 2. c4 g6 3. Nc3 d5 4. Nf3 Bg7 5. Bf4 c6 6. e3 O-O 7. h3 Ne4 8. Bd3 Qa5 9. Qc2 Na6 10. O-O Nb4 11. Qe2 Nxc3 12. bxc3 Nxd3 13. Qxd3 Qa6 14. Rfd1 dxc4 15. Qe2 b5 16. a4 Qb7 17. Rdb1 a6 18. Be5 f6 19. Bg3 Be6 20. Nd2 Qc8 21. Rb2 Bf7 22. Ne4 Re8 23. Rba2 e5 24. Nd6 Qe6 25. dxe5 fxe5 26. Nxe8 1/2-1/2

[Event "Elite Hotels Open 2019"]
[Site "Vaxjo"]
[Date "2019.02.10"]
[Round "8.12"]
[White "Barkhagen, Jonas"]
[Black "Karlsson, Jorgen"]
[Result "1-0"]
[ECO "A42"]
[WhiteElo "2429"]
[BlackElo "2079"]
[Annotator "NA"]
[PlyCount "80"]
[EventDate "2019.02.08"]
[EventType "swiss"]
[EventCountry "SWE"]
[SourceTitle "playchess.com"]
[Source "ChessBase"]
[SourceQuality "1"]
[TimeControl "5400+30"]

1. d4 g6 2. c4 Bg7 3. e4 d6 4. Nc3 Nc6 5. d5 Nd4 6. Be3 e5 7. Nge2 Nxe2 8. Bxe2 f5 9. exf5 gxf5 10. f4 Ne7 11. fxe5 Bxe5 12. Bg5 O-O 13. O-O Qd7 14. Qd2 Ng6 15. Bh5 c5 16. dxc6 bxc6 17. Rae1 Qe6 18. b3 Bb7 19. Kh1 Rae8 20. Ne2 c5 21. Bh6 Rf7 22. Nf4 Qf6 23. Bf3 Qh4 24. Bxb7 Rxb7 25. Nh3 Rf7 26. Bg5 Qh5 27. Qe2 Qxe2 28. Rxe2 Kg7 29. g3 h6 30. Bd2 Ne7 31. Nf4 Nc6 32. Nd5 Nd4 33. Ref2 Kg6 34. g4 h5 35. gxh5+ Kxh5 36. Rg1 Ne6 37. Rf3 Nd4 38. Rf2 Rg7 39. Rxg7 Bxg7 40. Rg2 Ne6 1-0

[Event "Elite Hotels Open 2019"]
[Site "Vaxjo"]
[Date "2019.02.10"]
[Round "8.13"]
[White "Attefall, Fredrik"]
[Black "Kucuksari, Kaan"]
[Result "0-1"]
[ECO "B41"]
[WhiteElo "1993"]
[BlackElo "2301"]
[Annotator "NA"]
[PlyCount "48"]
[EventDate "2019.02.08"]
[EventType "swiss"]
[EventCountry "SWE"]
[SourceTitle "playchess.com"]
[Source "ChessBase"]
[SourceQuality "1"]
[TimeControl "5400+30"]

1. e4 c5 2. Nf3 e6 3. d4 cxd4 4. Nxd4 a6 5. c4 Nf6 6. Nc3 Qc7 7. Be3 Nc6 8. Rc1 Bd6 9. Nxc6 dxc6 10. c5 Be5 11. Bd3 O-O 12. h3 Rd8 13. Qe2 Bd4 14. O-O e5 15. Bxd4 Rxd4 16. Qe3 Be6 17. Rfd1 Rad8 18. Ne2 R4d7 19. b3 Qa5 20. Nc3 Nh5 21. Bc2 Nf4 22. Rxd7 Rxd7 23. Rd1 Qxc3 24. Rxd7 Bxd7 0-1

[Event "Elite Hotels Open 2019"]
[Site "Vaxjo"]
[Date "2019.02.10"]
[Round "8.14"]
[White "Burwick, Malte"]
[Black "Bernhardsson, Sten"]
[Result "1-0"]
[ECO "A06"]
[WhiteElo "2247"]
[BlackElo "2003"]
[Annotator "NA"]
[PlyCount "104"]
[EventDate "2019.02.08"]
[EventType "swiss"]
[EventCountry "SWE"]
[SourceTitle "playchess.com"]
[Source "ChessBase"]
[SourceQuality "1"]
[TimeControl "5400+30"]

1. Nf3 d5 2. g3 g6 3. Bg2 Bg7 4. O-O e5 5. d3 Ne7 6. e4 d4 7. c3 c5 8. a3 O-O 9. b4 dxc3 10. Nxc3 cxb4 11. axb4 Nbc6 12. b5 Nd4 13. Nxd4 Qxd4 14. Bb2 Re8 15. Qb1 Qb6 16. Bc1 a6 17. Be3 Qd6 18. Rc1 Be6 19. Na4 axb5 20. Qxb5 Bd7 21. Qb3 Bxa4 22. Rxa4 Rxa4 23. Qxa4 Nc6 24. Rb1 Rd8 25. Rxb7 Nd4 26. Qa2 Qe6 27. Qb2 h6 28. Rb8 Qd6 29. Rxd8+ Qxd8 30. h4 Qc7 31. Bxd4 exd4 32. f4 Qc3 33. Qb5 h5 34. e5 Bf8 35. Kh2 Qc8 36. Qd5 Bc5 37. Bh3 Qc7 38. f5 gxf5 39. Bxf5 Qe7 40. e6 fxe6 41. Bxe6+ Kg7 42. Kh3 Bb6 43. Bf5 Bc5 44. Be4 Ba7 45. Qxh5 Qe6+ 46. Bf5 Qe1 47. Qg6+ Kf8 48. Qf6+ Ke8 49. Qh8+ Ke7 50. Qg7+ Kd6 51. Qd7+ Kc5 52. Qxa7+ Kd5 1-0

[Event "Elite Hotels Open 2019"]
[Site "Vaxjo"]
[Date "2019.02.10"]
[Round "8.15"]
[White "Lindh, Fredrik"]
[Black "Sandberg, Philip"]
[Result "1-0"]
[ECO "C63"]
[WhiteElo "2244"]
[BlackElo "1923"]
[Annotator "NA"]
[PlyCount "89"]
[EventDate "2019.02.08"]
[EventType "swiss"]
[EventCountry "SWE"]
[SourceTitle "playchess.com"]
[Source "ChessBase"]
[SourceQuality "1"]
[TimeControl "5400+30"]

1. e4 e5 2. Nf3 Nc6 3. Bb5 f5 4. d3 Nf6 5. O-O fxe4 6. dxe4 Bc5 7. Qd3 d6 8. Qc4 a5 9. Nxe5 Bxf2+ 10. Rxf2 dxe5 11. Bxc6+ bxc6 12. Qxc6+ Bd7 13. Qc5 Ng4 14. Rf1 Qe7 15. Qxe7+ Kxe7 16. Nc3 Bc6 17. Bg5+ Ke6 18. h3 h6 19. Bh4 g5 20. Bg3 Ne3 21. Rf2 Rhf8 22. Re2 Nc4 23. b3 Nd6 24. Nd5 Ra7 25. c4 a4 26. Bf2 Rb7 27. Bc5 axb3 28. axb3 Bxd5 29. exd5+ Kd7 30. Rxe5 Rxb3 31. Re6 h5 32. Bxd6 cxd6 33. Ra7+ Kc8 34. Ra8+ Rb8 35. Rxb8+ Kxb8 36. Rxd6 Rc8 37. Rb6+ Ka7 38. Rc6 Rxc6 39. dxc6 Kb6 40. Kf2 Kxc6 41. Ke3 Kc5 42. Kd3 Kc6 43. Kd4 Kd6 44. c5+ Kc6 45. g3 {[%emt 0:00:06] Kd5+ Ke4+} 1-0

[Event "Elite Hotels Open 2019"]
[Site "Vaxjo"]
[Date "2019.02.10"]
[Round "8.16"]
[White "Ask, Josef"]
[Black "Stahlberg, David"]
[Result "1/2-1/2"]
[ECO "C25"]
[WhiteElo "2164"]
[BlackElo "2079"]
[Annotator "NA"]
[PlyCount "74"]
[EventDate "2019.02.08"]
[EventType "swiss"]
[EventCountry "SWE"]
[SourceTitle "playchess.com"]
[Source "ChessBase"]
[SourceQuality "1"]
[TimeControl "5400+30"]

1. e4 e5 2. Nc3 Nc6 3. f4 d6 4. Bc4 Nf6 5. Nf3 Be7 6. d3 O-O 7. f5 Nd4 8. Rg1 c6 9. a3 d5 10. Ba2 dxe4 11. dxe4 Qb6 12. Kf1 Ng4 13. Nxd4 Nxh2+ 14. Kf2 exd4 15. Na4 Qa5 16. Rh1 Bxf5 17. Rxh2 Bxe4 18. Qxd4 Qf5+ 19. Ke1 Rad8 20. Qe3 Bxc2 21. Nc3 Rfe8 22. g4 Qg6 23. Kf1 Bd6 24. Qf2 Bd3+ 25. Kg1 Bxh2+ 26. Kxh2 Rd6 27. Bf4 Rf6 28. Qg3 c5 29. g5 Rb6 30. b3 Rbe6 31. Rd1 Qh5+ 32. Kg1 Bc2 33. Rf1 Be4 34. Nxe4 Rxe4 35. Bb1 R4e7 36. Bd3 a6 37. a4 Rd8 1/2-1/2